 Dungeon Crawl Stone Soup version 0.27-a0-760-gc38aae387d (webtiles) character file.

Game seed: 31882045643374086

2292 leviel the Thaumaturge (level 9, -3/56 HPs)
             Began as a Djinni Conjurer on Mar 24, 2021.
             Was a Follower of Makhleb.
             Splashed by a gnoll shaman's acid (12 damage)
             ... on level 7 of the Dungeon.
             The game lasted 00:24:35 (8708 turns).

leviel the Thaumaturge (Djinni Conjurer)            Turns: 8708, Time: 00:24:36

Health: -3/56      AC:  6    Str: 12    XL:     9   Next: 40%
Gold:   358        EV: 13    Int: 23    God:    Makhleb [*.....] SH:  0 Dex: 12

rFire    + + .     SeeInvis .   u - staff of conjuration
rCold    . . .     Faith    .   (no shield)
rNeg     . . .     Spirit   .   r - +2 robe
rPois    ∞         Reflect  .   f - +0 helmet
rElec    .         Harm     .   C - scarf {repulsion}
rCorr    .         Rampage  .   i - +0 pair of gloves
Will     .....                  (boots unavailable)
Stlth    ++........             (no amulet)
HPRegen  0.18/turn              m - +6 ring of strength
MPRegen  0.00/turn              s - ring of protection from cold

@: flying, repel missiles
A: fire resistance 2, cold vulnerability 1, float, innate caster, hp casting,
extra vitality 1
a: Renounce Religion


You were on level 7 of the Dungeon.
You worshipped Makhleb.
Makhleb was aware of your devotion.
You visited 2 branches of the dungeon, and saw 8 of its levels.
You also visited: Sewer.

You collected 485 gold pieces.
You spent 127 gold pieces at shops.

Inventory:

Hand Weapons
 p - a +0 rapier of speed
Armour
 f - a +0 helmet (worn)
 i - a +0 pair of gloves (worn)
 r - a +2 robe (worn)
 C - a scarf of repulsion (worn)
Magical Staves
 u - a staff of conjuration (weapon)
Jewellery
 m - a +6 ring of strength (right hand)
 s - a ring of protection from cold (left hand)
Wands
 o - a wand of paralysis (9)
Scrolls
 c - 3 scrolls of blinking {unknown}
 d - 3 scrolls of identify {unknown}
 g - a scroll of immolation {unknown}
 h - a scroll of fear {unknown}
 j - a scroll of brand weapon {unknown}
 k - a scroll of enchant weapon {unknown}
 l - a scroll of summoning {unknown}
 t - 3 scrolls of enchant armour {unknown}
 w - 2 scrolls of teleportation {unknown}
 y - 3 scrolls of magic mapping {unknown}
 A - a scroll of holy word {unknown}
 B - a scroll of silence {unknown}
Potions
 a - 3 potions of resistance {unknown}
 b - 3 potions of curing {unknown}
 e - 4 potions of brilliance
 n - 2 potions of haste {unknown}
 q - a potion of invisibility
 v - a potion of might {unknown}
 x - a potion of heal wounds
 z - 2 potions of flight {unknown}
 D - a potion of lignification {unknown}


   Skills:
 + Level 0.4 Fighting
 + Level 4.5 Dodging
 + Level 3.6 Stealth
 * Level 10.0 Spellcasting
 + Level 0.3 Evocations


You had 4 spell levels left.
You knew the following spells:

 Your Spells              Type           Power      Damage    Failure   Level
a - Magic Dart            Conj           100%       1d8       1%          1
b - Searing Ray           Conj           100%       3d7       1%          2
c - Dazzling Flash        Conj/Hex       100%       N/A       1%          3
d - Fulminant Prism       Conj/Hex       36%        3d18      1%          4
e - Iskenderun's Mystic   Conj/Tloc      72%        2d15      1%          4
f - Sandblast             Erth           100%       2d20      1%          1
g - Slow                  Hex            55%        N/A       1%          2
h - Conjure Flame         Conj/Fire      72%        6-21      1%          3
i - Hailstorm             Conj/Ice       72%        3d15      1%          4
Your spell library was empty.

Dungeon Overview and Level Annotations

Branches:
Dungeon (7/15)             Temple (1/1) D:5           Sewer (visited)

Altars:
Cheibriados
Dithmenos
Elyvilon
Fedhas
Gozag
Hepliaklqana
Kikubaaqudgha
Makhleb
Nemelex Xobeh
Okawaru
Qazlal
Sif Muna
Trog
Uskayaw
Vehumet
Wu Jian
Xom
Yredelemnul
Zin
The Shining One

Shops:
D:4 [


Innate Abilities, Weirdness & Mutations

You are immune to poison.
Your flesh is very heat resistant. (rF++)
You are vulnerable to cold. (rC-)
You float through the air rather than walking.
You learn spells naturally, not from books.
Your magical power is your life essence.
You have superior vitality. (+4 HP)


Message History

A gnoll shaman comes into view.
It is wielding a +0 club and carrying a wand of acid (7).
A gnoll comes into view. It is wielding a +0 halberd.
There is a stone staircase leading up here.
You fly upwards.
There is a stone staircase leading down here.
You start resting.
The sentinel's mark upon you fades away.
You start resting.
HP restored.
You fly downwards.
There is a stone staircase leading up here.
You feel a surge of power!
You erupt in a blast of force!
The mystic blast hits the gnoll!!
You kill the gnoll!
Makhleb accepts your kill.
You hear a shout!
A gnoll comes into view. It is wielding a +0 spear.
Your Spellcasting skill increases to level 10!
You can't see any susceptible monsters within range! (Use Z to cast anyway.)
A gnoll comes into view.
It is wielding a +2 flail of protection.
You feel a surge of power!
You erupt in a blast of force!
The mystic blast hits the gnoll!
The gnoll is severely wounded.
The gnoll is knocked back by the mystic blast.
The gnoll drinks a potion.
The gnoll flickers and vanishes!
Deactivating autopickup; reactivate with Ctrl-A.
The gnoll shaman zaps a wand.
The bolt of acid misses you.
You feel a surge of power!
You erupt in a blast of force!
The mystic blast hits the gnoll!!
You kill the gnoll!
Makhleb accepts your kill.
The gnoll shaman zaps a wand.
The bolt of acid misses you.
The gnoll shaman zaps a wand.
The bolt of acid hits you!
You are splashed with acid!
Something hits you.
Found an emerald potion.
You are too injured to fight recklessly!
The gnoll shaman zaps a wand.
The bolt of acid hits you!
* * * LOW HITPOINT WARNING * * *
You are splashed with acid!
You die...

#......#
#......#
#......####
#..........
#####...g......
!..............
###........?...
#...).........#
#.####.@......#
#.)......#
#.[......#
#.<......#
+........#
#.(......#
##########


You could see a gnoll shaman.

Vanquished Creatures
  Harold (D:7)
  Grinder (D:3)
  Purgy (Sewer)
  2 sky beasts
  3 black bears
  A necrophage (D:7)
  An ogre (D:4)
  A centaur (D:5)
  A bullfrog (D:7)
  A scorpion (D:6)
  A bullfrog zombie (D:6)
  2 hounds
  An orc priest (D:6)
  A jelly (D:4)
  Ijyb (D:3)
  2 orc wizards
  2 worker ants
  3 gnolls
  A howler monkey skeleton (D:4)
  5 adders
  A river rat (D:6)
  2 ufetubi (D:4)
  4 dart slugs
  23 orcs
  4 bats
  5 endoplasms
  7 giant cockroaches
  11 goblins
  5 hobgoblins
  5 jackals
  9 kobolds
  2 quokkas (D:3)
  8 ball pythons
  8 frilled lizards
  9 rats
135 creatures vanquished.

Vanquished Creatures (others)
  8 fulminant prisms
  2 plants
10 creatures vanquished.

Grand Total: 145 creatures vanquished

Notes
Turn   | Place    | Note
-------+----------+-------------------------------------------
     0 | D:1      | leviel the Djinni Conjurer began the quest for the Orb.
     0 | D:1      | Reached XP level 1. HP: 15/15 MP: 0/0
   323 | D:1      | Reached skill level 4 in Spellcasting
   323 | D:1      | Reached XP level 2. HP: 17/21 MP: 0/0
   788 | D:1      | Reached XP level 3. HP: 20/25 MP: 0/0
   788 | D:1      | Learned a level 1 spell: Sandblast
  2219 | D:3      | Reached XP level 4. HP: 27/31 MP: 0/0
  2383 | D:3      | Noticed Grinder
  2402 | D:3      | Killed Grinder
  2403 | D:3      | Reached skill level 6 in Spellcasting
  2403 | D:3      | Reached XP level 5. HP: 23/35 MP: 0/0
  2403 | D:3      | Learned a level 2 spell: Slow
  2403 | D:3      | Reached XP level 6. HP: 27/40 MP: 0/0
  2681 | D:3      | Noticed Ijyb
  2695 | D:3      | HP: 2/40 [Ijyb/+0 club (4)]
  2698 | D:3      | Killed Ijyb
  2800 | D:3      | Found a blossoming altar of Fedhas.
  3425 | D:3      | Found a shimmering altar of Xom.
  3538 | D:4      | Found Xeupp's Armour Boutique.
  3691 | D:4      | Bought a +2 robe for 127 gold pieces
  3813 | D:4      | Reached XP level 7. HP: 18/45 MP: 0/0
  3813 | D:4      | Learned a level 3 spell: Conjure Flame
  4178 | D:4      | Found a hide-covered altar of Uskayaw.
  4190 | D:4      | Found a basalt altar of Yredelemnul.
  4210 | D:4      | Found a stormy altar of Qazlal.
  4449 | D:4      | Reached skill level 7 in Spellcasting
  4549 | D:4      | Found an opulent altar of Gozag.
  4833 | D:5      | Entered Level 5 of the Dungeon
  5501 | D:5      | Reached XP level 8. HP: 34/51 MP: 0/0
  5824 | D:5      | Found a staircase to the Ecumenical Temple.
  5841 | Temple   | Entered the Ecumenical Temple
  5914 | Temple   | Became a worshipper of Makhleb the Destroyer
  6266 | D:5      | Found an ornate altar of the Wu Jian Council.
  6780 | D:6      | Reached skill level 8 in Spellcasting
  7058 | D:6      | Found a glowing drain.
  7064 | Sewer    | Entered a sewer
  7065 | Sewer    | Reached * piety under Makhleb
  7134 | Sewer    | Noticed Purgy
  7145 | Sewer    | Killed Purgy
  7808 | D:6      | Found a glowing golden altar of the Shining One.
  8442 | D:7      | Noticed Harold
  8508 | D:7      | Reached skill level 9 in Spellcasting
  8522 | D:7      | Killed Harold
  8523 | D:7      | Reached XP level 9. HP: 24/56 MP: 0/0
  8523 | D:7      | Learned a level 4 spell: Hailstorm
  8702 | D:7      | Reached skill level 10 in Spellcasting
  8708 | D:7      | Splashed by a gnoll shaman's acid

Illustrated notes

Levels and vault maps discovered:
D:1:      co_arrival_square_in_a_square_in_a_square, layout_basic
D:2:      layout_loops_ring
D:3:      layout_rooms, fedhas_altar_fruit_tree, tgw_xom,
          guppyfry_early_orc_mine, uniq_ijyb, uniq_grinder
D:4:      cheibrodos_quashed, layout_cave_pools,
          nicolae_gozag_cash_rules_everything_around_me,
          chequers_temple_overflow_statue_of_worship,
          nicolae_qazlal_general_emergency, serial_shops, shop,
          serial_bayou_lagoon_b
D:5:      layout_rooms, nicolae_overflow_crystal_walls,
          minmay_temple_entry_gardened_gates, corexii_leaking_fountain,
          corner_web_ring, kennysheep_big_empty_room
D:6:      layout_basic, kennysheep_mini, portal_sewer_entry_e
D:7:      layout_basic, hangedman_abyss_or_decor_stabs, lightli_orcish_oven,
          uniq_harold
Temple:   eino_wide_crystal_templ

Skill      XL: |  1  2  3  4  5  6  7  8  9 |
---------------+----------------------------+-----
Spellcasting   | 4 6 7 9 10 | 10.0
Stealth        | 2 3 |  3.6
Dodging        | 4 |  4.5
Fighting       | |  0.4
Evocations     | |  0.3

Action                   |  1- 3 |  4- 6 |  7- 9 || total
-------------------------+-------+-------+-------++-------
Melee: Rapier            |       |     1 |       ||     1
       Staff             |       |       |     1 ||     1
 Cast: Magic Dart        |    71 |    73 |   138 ||   282
       Searing Ray       |       |    17 |    20 ||    37
       Iskenderun's Myst |       |       |    14 ||    14
       Fulminant Prism   |       |       |     8 ||     8
       Dazzling Flash    |       |       |     1 ||     1
       Slow              |       |       |     2 ||     2
Evoke: Wand              |       |     4 |       ||     4
  Use: Potion            |       |     3 |       ||     3
Armor: Robe              |       |     4 |    25 ||    29
Dodge: Dodged            |     9 |    16 |    60 ||    85

Table legend: (Time is in decaauts)
 A = Elapsed time spent in this place.
 B = Non-inter-level travel time spent in this place.
 C = Inter-level travel time spent in this place.
 D = Time resting spent in this place.
 E = Time spent auto-exploring this place.
 F = Levels seen in this place.
 G = Mean time per level.
                   A        B        C        D        E       F      G
               +--------+--------+--------+--------+--------+-----+--------+
         Total |   8712 |   8529 |    183 |   2875 |   4673 |   9 |  968.0 |
       Dungeon |   7970 |   7787 |    183 |   2509 |   4377 |   7 | 1138.6 |
        Temple |    297 |    297 |      0 |    206 |     42 |   1 |  297.0 |
         Sewer |    445 |    445 |      0 |    160 |    254 |   1 |  445.0 |
               +--------+--------+--------+--------+--------+-----+--------+

Top non-repeatable levels by time:
     D:4: 1915 daAuts
     D:6: 1569 daAuts
     D:3: 1354 daAuts
     D:1: 1140 daAuts
     D:2: 1042 daAuts
     D:5: 903 daAuts
   Sewer: 445 daAuts
  Temple: 297 daAuts
     D:7: 44 daAuts
